 Dungeon Sprint DCSS version 0.14-a0-1844-g8283a67 (webtiles) character file.

17 Caerthir the Slasher (level 2, -1/24 HPs)
             Began as a Demonspawn Fighter on Jan 13, 2014.
             Was an Initiate of Okawaru.
             Slain by a giant frog (6 damage)
             ... in the Dungeon (Sprint IX: "|||||||||||||||||||||||||||||").
             The game lasted 00:02:01 (456 turns).

Caerthir the Slasher (Demonspawn Fighter)            Turns: 456, Time: 00:02:01

HP  -1/24        AC  7     Str 19      XL: 2   Next: 44%
MP   2/2         EV  8     Int 12      God: Okawaru [......]
Gold 0           SH 18     Dex 12      Spells:  0 memorised,  1 level left

rFire  . . .     SeeInvis .     a - +0 falchion
rCold  . . .     Clarity  .     b - +0 scale mail
rNeg   . . .     Conserve .     c - +0 shield
rPois  .         rCorr    .     (no helmet)
rElec  .         rRot     .     (no cloak)
SustAb . .       Spirit   .     o - +0 pair of elf gloves
rMut   .         Warding  .     (no boots)
Saprov . . .     NoTele   +     (no amulet)
                                q - +3 ring of strength
                                p - +3 ring of intelligence

@: not resistant to hostile enchantments, extremely unstealthy
A: repulsion field 1
a: Renounce Religion


You were in the Dungeon.
You worshipped Okawaru.
Okawaru was noncommittal.
You were not hungry.

You visited 1 branch

Inventory:

Hand weapons
 a - a +0,+0 falchion (weapon)
Armour
 b - a +0 scale mail (worn)
 c - a +0 shield (worn)
 o - a +0 pair of elven gloves (worn)
Magical devices
 n - a wand of fire (7)
Comestibles
 d - a bread ration
Scrolls
 j - 2 scrolls of blinking
 l - 3 scrolls of remove curse
 m - 2 scrolls of amnesia
Jewellery
 p - a +3 ring of intelligence (left hand)
 q - a +3 ring of strength (right hand)
Potions
 e - 5 potions of curing
 f - 3 potions of heal wounds
 g - a potion of speed
 h - 4 potions of magic
 i - a potion of berserk rage
 k - a potion of invisibility


   Skills:
 - Level 3.0 Fighting
 + Level 4.9 Long Blades
 - Level 2.6 Armour
 - Level 2.6 Shields


You had one spell level left.
You didn't know any spells.

Dungeon Overview and Level Annotations

Branches:
Dungeon (1/1)

Altars:
Ashenzari
Cheibriados
Elyvilon
Fedhas
Kikubaaqudgha
Makhleb
Nemelex Xobeh
Okawaru
Sif Muna
Trog
Vehumet
Xom
Yredelemnul
Zin
the Shining One


Innate Abilities, Weirdness & Mutations

You are surrounded by a mild repulsion field (EV +2).


Message History

The giant frog is severely wounded.
The giant frog hits you but does no damage.
The giant frog hits you.
* * * LOW HITPOINT WARNING * * *
You closely miss the giant frog.
The giant frog is severely wounded.
The giant frog closely misses you.
The crimson imp summons a swarm of flies.
The crimson imp blinks!
The giant frog closely misses you.
You hit the giant frog.
The giant frog is severely wounded.
You block the giant frog's attack.
The crimson imp blinks!
You hit the giant frog.
The giant frog is almost dead.
The giant frog hits you but does no damage.
The giant frog misses you.
You closely miss the giant frog.
The giant frog is almost dead.
The giant frog barely misses you. The giant frog hits you.
You die... ▓▓▓▓▓▓▓▓▓▓▓▓▓▓▓▓▓▓▓▓▓▓▓▓▓▓ +....zH*F@[.[5...'________ ▓▓▓▓▓▓▓▓▓▓▓▓▓▓▓▓▓▓▓▓▓▓▓▓▓▓

You could see a manticore, a giant frog, a crimson imp, a rat zombie and a giant spore.

Vanquished Creatures
  A worm (D)
  2 bats (D)
  4 kobolds (D)
  A ball python (D)
  A giant newt (D)
  A goblin (D)
  A kobold zombie (D)
11 creatures vanquished.

Vanquished Creatures (others)
  A ballistomycete (D)
1 creature vanquished.

Grand Total: 12 creatures vanquished

Notes
Turn   | Place    | Note
--------------------------------------------------------------
     0 | D        | Caerthir, the Demonspawn Fighter, began the quest for the Orb.
     0 | D        | Reached XP level 1. HP: 18/18 MP: 1/1
   150 | D        | Reached skill level 4 in Long Blades
   150 | D        | Gained mutation: You are surrounded by a mild repulsion field (EV +2). [demonic ancestry]
   150 | D        | Reached XP level 2. HP: 24/24 MP: 2/2
   342 | D        | Found a basalt altar of Yredelemnul.
   342 | D        | Found a snail-covered altar of Cheibriados.
   342 | D        | Found a sparkling altar of Nemelex Xobeh.
   342 | D        | Found a burning altar of Makhleb.
   342 | D        | Found a blossoming altar of Fedhas.
   342 | D        | Found a snail-covered altar of Cheibriados.
   342 | D        | Found a deep blue altar of Sif Muna.
   343 | D        | Found a glowing silver altar of Zin.
   344 | D        | Found a glowing golden altar of the Shining One.
   345 | D        | Found an iron altar of Okawaru.
   346 | D        | Found a white marble altar of Elyvilon.
   347 | D        | Found a shimmering altar of Xom.
   348 | D        | Found a shattered altar of Ashenzari.
   349 | D        | Found an ancient bone altar of Kikubaaqudgha.
   350 | D        | Found a radiant altar of Vehumet.
   351 | D        | Found a bloodstained altar of Trog.
   352 | D        | Found a basalt altar of Yredelemnul.
   354 | D        | Became a worshipper of Warmaster Okawaru
   428 | D        | Noticed a manticore
   428 | D        | Noticed a giant frog
   428 | D        | Noticed a crimson imp
   456 | D        | Slain by a giant frog

Action                   || total
-------------------------++-------
Melee: Falchion          ||    80
